 Dungeon Crawl Stone Soup version 0.17.0-26-gececa24 (webtiles) character file.

364 Oni the Shield-Bearer (level 7, -1/54 HPs)
             Began as a Formicid Fighter on Nov 20, 2015.
             Killed by nerve-wracking pain
             ... invoked by Grinder
              (14 damage)
             ... on level 4 of the Dungeon.
             The game lasted 00:06:41 (2658 turns).

Oni the Shield-Bearer (Formicid Fighter)            Turns: 2658, Time: 00:06:41

Health: -1/54      AC:  8    Str: 23    XL:     7   Next: 0%
Magic:  7/7        EV:  9    Int:  7    God:
Gold:   156        SH: 11    Dex: 10    Spells: 0 memorised, 6 levels left

rFire  . . .     SeeInvis +     a - +0 war axe
rCold  . . .     Clarity  .     b - +0 scale mail
rNeg   . . .     SustAt   .     c - +1 shield
rPois  .         Gourm    .     (helmet unavailable)
rElec  .         Spirit   .     (no cloak)
rCorr  .         Warding  .     o - +0 pair of gloves
rMut   .         Stasis   +     (no boots)
MR     .....                    (no amulet)
Stlth  ..........               (no ring)
                                (no ring)

@: not resistant to hostile enchantments, extremely unstealthy
A: permanent stasis, dig shafts and tunnels, four strong arms, antennae 3
a: Dig, Shaft Self


You were on level 4 of the Dungeon.
You were not hungry.

You visited 1 branch of the dungeon, and saw 4 of its levels.

You collected 156 gold pieces.

Inventory:

Hand Weapons
 a - a +0 war axe (weapon)
Armour
 b - a +0 scale mail (worn)
 c - a +1 shield (worn)
 o - a +0 pair of gloves (worn)
Wands
 m - a wand of frost (23)
Scrolls
 d - a scroll of fog
 g - a scroll of amnesia
 k - 4 scrolls of identify
 l - a scroll of remove curse
 n - a scroll of magic mapping
Potions
 i - 3 potions of curing
Comestibles
 e - 4 bread rations
 f - 5 meat rations
 h - a royal jelly
 j - 3 fruits


   Skills:
 + Level 4.2 Fighting
 + Level 3.8 Axes
 + Level 4.3 Armour
 + Level 2.3 Dodging
 + Level 5.3 Shields


You had 6 spell levels left.
You didn't know any spells.

Dungeon Overview and Level Annotations

Branches:
Dungeon (4/15)
 Temple: D:4-7

Altars:
Ashenzari

Annotations:
D:4 Grinder


Innate Abilities, Weirdness & Mutations

You are under a permanent stasis effect.
You can dig through walls and to a lower floor.
Your four strong arms can wield two-handed weapons with a shield.
You have a pair of large antennae on your head (SInv).


Message History

You block Grinder's attack.
Grinder gestures.
Grinder blinks!
Grinder gestures at you. You resist with some effort. Grinder gestures at you.
You struggle to resist.
You hit Grinder.
Grinder is almost dead.
Grinder gestures.
Grinder blinks!
Grinder gestures at you. You resist with some effort. Grinder gestures at you.
Pain shoots through your body! Grinder hits you.
You writhe in agony.
* * * LOW HITPOINT WARNING * * *
Grinder gestures at you. Pain shoots through your body!
You die...

.........
#####+#.....#
.........
#...........#
#.....(.. ##
#...........#
......... +..
#......######
#........ #..
#......#
#######.# #.#
#......# .#
#..##......#
#...5......####
#...@##.......#
#....##.......#
#....##.......#
#....##.......#
#.....#.......#
#.....#.......#
#.....#.......#
#####.........#
##......[.#


You could see Grinder.

Vanquished Creatures
  Sigmund (D:3)
  Jessica (D:2)
  An orc wizard (D:3)
  Natasha (thrice) (D:3)
  3 gnolls (D:3)
  2 adders (D:2)
  2 oozes
  A worm (D:2)
  A giant gecko (D:2)
  3 orcs (D:3)
  13 hobgoblins
  A quokka (D:3)
  8 bats
  3 giant cockroaches
  3 giant newts
  6 goblins
  6 kobolds
  A quokka skeleton (D:4)
  7 rats
66 creatures vanquished.

Notes
Turn   | Place    | Note
--------------------------------------------------------------
     0 | D:1      | Oni the Formicid Fighter began the quest for the Orb.
     0 | D:1      | Reached XP level 1. HP: 18/18 MP: 1/1
   148 | D:1      | Reached XP level 2. HP: 24/24 MP: 2/2
   367 | D:1      | Reached XP level 3. HP: 26/29 MP: 3/3
   732 | D:2      | Reached skill level 4 in Shields
   824 | D:2      | Reached skill level 1 in Dodging
   824 | D:2      | Reached XP level 4. HP: 34/36 MP: 4/4
   889 | D:2      | Noticed Jessica
   903 | D:2      | Killed Jessica
  1245 | D:3      | Noticed Sigmund
  1246 | D:3      | Noticed Natasha
  1380 | D:2      | Reached XP level 5. HP: 42/42 MP: 5/5
  1636 | D:3      | Killed Sigmund
  1636 | D:3      | Reached skill level 5 in Shields
  1636 | D:3      | Reached XP level 6. HP: 32/48 MP: 6/6
  1637 | D:3      | Killed Natasha
  1662 | D:3      | Noticed Natasha
  1665 | D:3      | Killed Natasha
  1793 | D:3      | Found a shattered altar of Ashenzari.
  2289 | D:3      | Noticed Natasha
  2292 | D:3      | Killed Natasha
  2614 | D:4      | Reached XP level 7. HP: 54/54 MP: 7/7
  2628 | D:4      | Noticed Grinder
  2658 | D:4      | Killed from afar by Grinder

Action                   |  1- 3 |  4- 6 |  7- 9 || total
-------------------------+-------+-------+-------++-------
Melee: War axe           |   103 |    98 |    16 ||   217
 Abil: Dig               |       |     1 |       ||     1
  Use: Potion            |     3 |     1 |       ||     4
       Scroll            |     4 |     4 |       ||     8
  Eat: Beef jerky        |       |     2 |       ||     2
       Fruit             |       |     3 |       ||     3
